 Dungeon Crawl Stone Soup version 0.17.1-3-g152610e (webtiles) character file.

107 Heskey the Sneak (level 4, -1/31 HPs)
             Began as an Octopode Assassin on Mar 26, 2016.
             Killed from afar by Sigmund (8 damage)
             ... with a puff of flame
             ... on level 3 of the Dungeon.
             The game lasted 00:01:56 (1781 turns).

Heskey the Sneak (Octopode Assassin)                Turns: 1781, Time: 00:01:56

Health: -1/31      AC:  1    Str: 10    XL:     4   Next: 86%
Magic:  4/4        EV: 13    Int: 20    God:
Gold:   143        SH:  0    Dex: 14    Spells: 0 memorised, 3 levels left

rFire  . . .     SeeInvis .     a - +2 dagger
rCold  . . .     Clarity  .     (no shield)
rNeg   . . .     SustAt   .     (helmet restricted)
rPois  .         Gourm    .     q - amulet of rage
rElec  .         Spirit   .     f - +5 ring of intelligence
rCorr  .         Warding  .     m - +2 ring of intelligence
rMut   .         Stasis   .     (no ring)
MR     .....                    (no ring)
Stlth  ++++......               (no ring)
                                (no ring)
                                (no ring)
                                (no ring)

@: not resistant to hostile enchantments, stealthy
A: almost no armour, amphibious, 8 rings, constrict 8, camouflage 1, gelatinous
body 1
a: Evoke Berserk Rage


You were on level 3 of the Dungeon.
You were hungry.

You visited 1 branch of the dungeon, and saw 3 of its levels.

You collected 143 gold pieces.

Inventory:

Hand Weapons
 a - a +2 dagger (weapon)
 b - a +0 blowgun
Missiles
 c - 14 poisoned needles
 d - 2 curare-tipped needles
 k - 4 javelins (quivered)
Jewellery
 f - a +5 ring of intelligence (left tentacle)
 m - a +2 ring of intelligence (right tentacle)
 q - an amulet of rage (around mantle)
Scrolls
 i - a scroll of noise {unknown}
 l - 3 scrolls of remove curse {unknown}
 o - a scroll of enchant weapon {unknown}
 r - 3 scrolls of identify {unknown}
Potions
 g - a potion of flight {unknown}
 n - a potion of haste {unknown}
 p - a potion of lignification {unknown}
 s - a potion of curing {unknown}
Comestibles
 e - 4 bread rations
 h - 3 fruits
 j - a slice of pizza
 t - a meat ration


   Skills:
 + Level 3.1 Fighting
 + Level 2.6 Short Blades
 - Level 2.0 Throwing
 + Level 2.8 Dodging
 + Level 5.7 Stealth


You had 3 spell levels left.
You didn't know any spells.

Dungeon Overview and Level Annotations

Branches:
Dungeon (3/15)

Altars:
Makhleb
Nemelex Xobeh

Annotations:
D:3 Sigmund


Innate Abilities, Weirdness & Mutations

You cannot wear most types of armour.
You are amphibious.
You can wear up to eight rings at the same time.
You can use your tentacles to constrict eight enemies at once.
Your skin changes colour to match your surroundings (Stealth).
Your rubbery body absorbs attacks (AC +1).


Message History

You hit something but do no damage.
No target in view!
No target in view!
No target in view!
Something barely misses you.
You hear some strange, mumbled words.
Something tries to affect you, but you resist.
Something tries to affect you, but you resist.
A puff of flame appears from out of thin air!
The puff of flame hits you!
A magic dart appears from out of thin air!
The magic dart hits you! Something hits you.
* * * LOW HITPOINT WARNING * * *
You closely miss something. You hit something but do no damage.
Your squeeze misses something.
You hear some strange, mumbled words.
A puff of flame appears from out of thin air!
The puff of flame hits you!
You die...

......#
#.#.#
#####.#
#.#.# #
#.#
#.#.# #
#.#
#.#.# #
#.#
#.#.#
#####.#
#.#.#
.....>#
#.#.#
#######
#.#.# #
#.#@# #
#.#.# #
#.#.# #
#.#.# #
#.#.# #
#.#.###
#
#.#...#
#
#.#.###
# #.#.#


There were no monsters in sight!

Vanquished Creatures
  4 adders
  An ooze (D:2)
  2 worms (D:2)
  4 giant geckos (D:2)
  6 orcs (D:3)
  3 giant cockroaches (D:2)
  7 hobgoblins
  7 bats
  2 giant newts (D:1)
  6 goblins
  5 kobolds
  2 quokkas (D:3)
  6 rats
55 creatures vanquished.

Notes
Turn   | Place    | Note
--------------------------------------------------------------
     0 | D:1      | Heskey the Octopode Assassin began the quest for the Orb.
     0 | D:1      | Reached XP level 1. HP: 14/14 MP: 1/1
   166 | D:1      | Found a sparkling altar of Nemelex Xobeh.
   360 | D:1      | Reached XP level 2. HP: 16/19 MP: 2/2
   498 | D:2      | Found a burning altar of Makhleb.
   606 | D:2      | Reached XP level 3. HP: 25/25 MP: 3/3
   951 | D:2      | Reached XP level 4. HP: 27/30 MP: 4/4
  1092 | D:2      | You fall through a shaft!
  1330 | D:3      | Found a faded altar to an unknown god.
  1760 | D:3      | Noticed Sigmund
  1781 | D:3      | Killed from afar by Sigmund

Action                   |  1- 3 |  4- 6 || total
-------------------------+-------+-------++-------
Melee: Dagger            |    55 |    42 ||    97
 Stab: Sleeping          |    13 |     7 ||    20
       Distracted        |     1 |       ||     1
  Eat: Chunk             |       |     2 ||     2
